AoeStats
← guerras90

Oasis

509621869Analyzed
2v2 RM · 4d ago on Sep 27, 2026· 32m 49s· 4 players
Game mode
Random Map
Map size
Medium (4 player)
Population
200
Speed
Normal
Resources
Standard
Victory
Conquest
Starting age
Dark Age
Ending age
Imperial Age
RankedLock teamsTeams togetherTeam positionsShared explorationLock speedFull tech treeHidden civsTurbo modeCheats
Victory
Defeat
🇪🇸 Bengalis · Spain
794
+15
🇺🇸 Huns · United States
682
+18
🇫🇷 Franks · France
765
-17
🇫🇷 Muisca · France
747
-16
Secret Tunnels
12:34 Feudal Age
21:52 Loom
23:11 Gold Mining
23:05 Horse Collar
23:11 Double-Bit Axe
23:19 Stone Mining
24:09 Bloodlines
24:52 Scale Barding Armor
24:57 Forging
27:14 Wheelbarrow
27:30 Town Watch
29:55 Castle Age
28:25 Scale Mail Armor
28:21 Fletching
28:31 Padded Archer Armor
28:47 Arson
29:08 Man-at-Arms
30:22 Padded Archer Armor
30:37 Town Watch
31:43 Husbandry
32:06 Chain Barding Armor
32:21 Iron Casting
32:16 Bow Saw
33:10 Marauders
guerras90
8:57 Loom
11:48 Feudal Age
17:52 Castle Age
15:32 Man-at-Arms
17:24 Scale Mail Armor
18:19 Forging
18:14 Long Swordsman
19:06 Gambesons
24:59 Pikeman
26:40 Horse Collar
26:48 Double-Bit Axe
32:21 Imperial Age
31:14 Chain Mail Armor
31:34 Iron Casting
tonin83w
11:01 Feudal Age
14:56 Castle Age
19:12 Loom
21:38 Gold Mining
27:23 Imperial Age
25:18 Double-Bit Axe
25:59 Scale Barding Armor
26:05 Forging
26:56 Bow Saw
27:42 Chain Barding Armor
28:55 Iron Casting
28:21 Scale Mail Armor
28:38 Pikeman
29:18 Squires
antoine2acorse
11:25 Feudal Age
11:31 Feudal Age
13:41 Champi Runner
14:12 Double-Bit Axe
14:11 Horse Collar
15:57 Loom
17:57 Forging
17:48 Scale Mail Armor
24:00 Castle Age
24:32 Stone Mining
26:19 Iron Casting
29:45 Bow Saw
30:23 Heavy Plow
Connection lost

Rejoining the realm…

Still unreachable

The connection could not be restored.

Session expired

The server has moved on; the page needs a fresh start.